 Dungeon Crawl Stone Soup version 0.17.0-28-g6e173f8 (webtiles) character file.

2412 Raultor the Transmogrifier (level 9, -3/67 HPs)
             Began as an Octopode Transmuter on Nov 22, 2015.
             Was a Follower of Makhleb.
             Slain by an unseen horror (9 damage)
             ... on level 8 of the Dungeon.
             The game lasted 00:20:05 (7058 turns).

Raultor the Transmogrifier (Octopode Transmuter)    Turns: 7058, Time: 00:20:05

Health: -3/67      AC:  6    Str: 13    XL:     9   Next: 47%
Magic:  9/12       EV: 11    Int: 15    God:    Makhleb [*.....]
Gold:   346        SH:  0    Dex: 12    Spells: 3 memorised, 4 levels left

rFire  x . .     SeeInvis .       - Unarmed
rCold  + + +     Clarity  .     (shield currently unavailable)
rNeg   . . .     SustAt   .     (helmet currently unavailable)
rPois  +         Gourm    .     d - amulet of stasis
rElec  .         Spirit   .     (no ring)
rCorr  .         Warding  .     (no ring)
rMut   .         Stasis   +     (no ring)
MR     .....                    (no ring)
Stlth  +.........               (no ring)
                                (no ring)
                                (no ring)
                                (no ring)

@: ice-form, not resistant to hostile enchantments, very unstealthy
A: almost no armour, amphibious, 8 rings, (constrict 8), (camouflage 0),
(gelatinous body 0)
a: End Transformation, Renounce Religion


You were on level 8 of the Dungeon.
You worshipped Makhleb.
Makhleb was aware of your devotion.
You were very hungry.
You were a creature of crystalline ice.
You visited 2 branches of the dungeon, and saw 9 of its levels.

You collected 346 gold pieces.

Inventory:

Hand Weapons
 r - a +1 mace of protection (melded)
Missiles
 a - 12 arrows
 B - 6 javelins (quivered)
Jewellery
 d - an amulet of stasis (around neck)
Wands
 m - a wand of digging (16)
 s - a wand of draining (6)
Scrolls
 e - 5 scrolls of remove curse {unknown}
 i - 4 scrolls of fear {unknown}
 j - 3 scrolls of magic mapping {unknown}
 k - a scroll of blinking {unknown}
 l - 2 scrolls of enchant weapon {unknown}
 o - 7 scrolls of teleportation
 p - 5 scrolls of identify
 t - 2 scrolls of recharging {unknown}
 u - a scroll of noise {unknown}
 x - a scroll of immolation {unknown}
 y - 2 scrolls of amnesia {unknown}
Potions
 f - a potion of agility
 g - 2 potions of ambrosia
 h - 2 potions of lignification
 A - 2 potions of curing
Books
 b - a book of Changes

   Spells                             Type                      Level
   a - Beastly Appendage              Transmutation                1
   b - Sticks to Snakes               Transmutation                2
   c - Spider Form                    Transmutation/Poison         3
   d - Ice Form                       Ice/Transmutation            4
   e - Blade Hands                    Transmutation                5
 v - a book of Unlife

   Spells                             Type                      Level
   a - Recall                         Summoning/Translocation      3
   b - Animate Dead                   Necromancy                   4
   c - Control Undead                 Necromancy                   4
   d - Cigotuvi's Embrace             Necromancy                   5
   e - Death Channel                  Necromancy                   6
   f - Simulacrum                     Ice/Necromancy               6
Comestibles
 c - 4 bread rations
 n - a beef jerky
 q - 3 fruits
 w - 2 slices of pizza


   Skills:
 + Level 3.1 Fighting
 + Level 4.9 Dodging
 + Level 5.0 Unarmed Combat
 - Level 2.0 Spellcasting
 * Level 8.5 Transmutations
 - Level 6.2 Ice Magic


You had 4 spell levels left.
You knew the following spells:

 Your Spells              Type           Power        Failure   Level  Hunger
a - Beastly Appendage     Trmt           ####..       1%          1    #......
b - Spider Form           Trmt/Pois      ##........   14%         3    ###....
c - Ice Form              Ice/Trmt       ###.....     14%         4    #####..


Dungeon Overview and Level Annotations

Branches:
Dungeon (8/15)             Temple (1/1) D:6
   Lair: D:8-11

Altars:
Ashenzari
Cheibriados
Dithmenos
Fedhas
Gozag
Kikubaaqudgha
Makhleb
Nemelex Xobeh
Okawaru
Qazlal
Ru
Sif Muna
Trog
Vehumet
Xom
Yredelemnul
Zin
The Shining One

Shops:
D:6 %


Innate Abilities, Weirdness & Mutations

You cannot wear most types of armour.
You are amphibious.
You can wear up to eight rings at the same time.
((You can use your tentacles to constrict eight enemies at once.))
((Your skin changes colour to match your surroundings (Stealth).))
((Your rubbery body absorbs attacks (AC +1).))


Message History

Something hits you but does no damage.
You hit something. You freeze something. Something hits you but does no damage.
Something hits you. Something hits you but does no damage.
You punch something! You freeze something.
Something hits you but does no damage.
You hit something but do no damage. Something hits you but does no damage.
Something hits you but does no damage.
You hit something but do no damage. Something hits you!
* * * LOW HITPOINT WARNING * * *
Something hits you.
* * * LOW HITPOINT WARNING * * *
You barely miss something. Something hits you.
* * * LOW HITPOINT WARNING * * *
Something hits you.
* * * LOW HITPOINT WARNING * * *
You miss something. Something hits you.
* * * LOW HITPOINT WARNING * * *
Something hits you but does no damage.
You barely miss something. Something hits you!
You die...

##### #....
#.### #########
#.# #...Y...#
#.### #.#####.#
#.... #.# #####
#.#############
#.............#
#############.#
..........
...#####.#
.........


There were no monsters in sight!

Vanquished Creatures
  The ghost of septik the Thaumaturge, a novice DEFE of Vehumet (D:7)
  A water moccasin (D:6)
  3 ice beasts
  2 sky beasts (D:6)
  An ogre (D:4)
  2 centaurs (D:6)
  Blork the orc (D:4)
  A wyvern zombie (D:6)
  3 giant frogs
  7 orc wizards
  2 crimson imps
  A giant frog zombie (D:6)
  7 hounds
  3 orc priests
  Jessica (D:2)
  A worker ant (D:6)
  A worker ant zombie (D:6)
  9 adders
  3 oozes
  An adder skeleton (D:5)
  4 worms
  5 giant geckos
  17 orcs
  5 ball pythons
  10 bats
  5 giant cockroaches
  9 goblins
  6 hobgoblins
  17 jackals
  4 quokkas
  A ball python skeleton (D:4)
  A giant gecko skeleton (D:4)
  3 giant newts
  A jackal skeleton (D:4)
  8 kobolds
  A quokka skeleton (D:4)
  12 rats
160 creatures vanquished.

Notes
Turn   | Place    | Note
--------------------------------------------------------------
     0 | D:1      | Raultor the Octopode Transmuter began the quest for the Orb.
     0 | D:1      | Reached XP level 1. HP: 13/13 MP: 3/3
    59 | D:1      | Reached XP level 2. HP: 5/18 MP: 3/5
   482 | D:1      | Reached XP level 3. HP: 23/23 MP: 6/6
   552 | D:1      | Learned a level 3 spell: Spider Form
  1004 | D:2      | Noticed Jessica
  1017 | D:2      | Killed Jessica
  1017 | D:2      | Reached skill level 4 in Transmutations
  1017 | D:2      | Reached XP level 4. HP: 28/28 MP: 4/7
  1268 | D:2      | Reached skill level 5 in Transmutations
  1268 | D:2      | Reached XP level 5. HP: 31/33 MP: 8/8
  1290 | D:2      | Learned a level 4 spell: Ice Form
  1644 | D:3      | Reached skill level 1 in Ice Magic
  1806 | D:3      | Found a sacrificial altar of Ru.
  1866 | D:3      | Found a deep blue altar of Sif Muna.
  2225 | D:3      | Found an ancient bone altar of Kikubaaqudgha.
  2228 | D:3      | Found a basalt altar of Yredelemnul.
  2232 | D:3      | Found a glowing silver altar of Zin.
  2232 | D:3      | Found a glowing golden altar of the Shining One.
  2233 | D:3      | Found a radiant altar of Vehumet.
  2235 | D:3      | Found a bloodstained altar of Trog.
  2236 | D:3      | Found a shadowy altar of Dithmenos.
  2361 | D:4      | Noticed Blork the orc
  2511 | D:4      | Killed Blork the orc
  2511 | D:4      | Reached XP level 6. HP: 34/38 MP: 6/9
  2793 | D:4      | Noticed an ogre
  2803 | D:4      | Killed an ogre
  2803 | D:4      | Reached skill level 6 in Transmutations
  3033 | D:5      | Entered Level 5 of the Dungeon
  3215 | D:5      | Found a bloodstained altar of Trog.
  3366 | D:5      | Found an iron altar of Okawaru.
  3392 | D:5      | Reached XP level 7. HP: 19/43 MP: 3/10
  3718 | D:4      | Reached skill level 7 in Transmutations
  4453 | D:5      | Reached XP level 8. HP: 48/48 MP: 9/11
  4870 | D:6      | Found Daori's Food Boutique.
  4901 | D:6      | Found a stormy altar of Qazlal.
  4918 | D:6      | Found a staircase to the Ecumenical Temple.
  4940 | Temple   | Entered the Ecumenical Temple
  5004 | Temple   | Became a worshipper of Makhleb the Destroyer
  5320 | D:6      | Reached skill level 5 in Ice Magic
  5421 | D:6      | Reached skill level 8 in Transmutations
  5753 | D:6      | Reached * piety under Makhleb
  6271 | D:6      | Reached XP level 9. HP: 55/55 MP: 7/12
  6488 | D:7      | Noticed septik's ghost (novice DEFE)
  6502 | D:7      | Killed septik's ghost
  6979 | D:7      | You fall through a shaft!
  6984 | D:8      | Reached skill level 5 in Unarmed Combat
  7058 | D:8      | Slain by an unseen horror

Action                   |  1- 3 |  4- 6 |  7- 9 || total
-------------------------+-------+-------+-------++-------
Melee: Unarmed           |    75 |    48 |   168 ||   291
       Mace              |       |   106 |    45 ||   151
 Cast: Beastly Appendage |     4 |     1 |       ||     5
       Spider Form       |     3 |     7 |     2 ||    12
       Ice Form          |       |       |    14 ||    14
  Use: Scroll            |       |       |     5 ||     5
 Stab: Sleeping          |     5 |    10 |     4 ||    19
  Eat: Chunk             |     1 |     9 |    13 ||    23
       Fruit             |       |       |     1 ||     1
